 Dungeon Crawl Stone Soup version 0.27-a0-1557-g57f10a385c (webtiles) character file.

Game seed: 9261633043078245470

127 Sin92 the Skirmisher (level 4, 0/35 HPs)
             Began as a Demonspawn Fighter on July 15, 2021.
             Slain by a river rat (3 damage)
             ... in a sewer.
             The game lasted 00:02:37 (1403 turns).

Sin92 the Skirmisher (Demonspawn Fighter)           Turns: 1403, Time: 00:02:38

Health: 0/35       AC:  9    Str: 19    XL:     4   Next: 85%
Magic:  4/4        EV:  5    Int: 15    God:
Gold:   80         SH:  9    Dex: 13    Spells: 3/3 levels left

rFire    + . .     SeeInvis .   a - +1 war axe
rCold    . . .     Faith    .   c - +0 kite shield
rNeg     . . .     Spirit   .   j - +0 chain mail
rPois    .         Reflect  .   (helmet restricted)
rElec    .         Harm     .   (no cloak)
rCorr    .         Rampage  .   (no gloves)
Will     .....                  (no boots)
Stlth    ..........             (no amulet)
HPRegen  0.11/turn              k - ring of protection from fire
MPRegen  0.09/turn              m - +6 ring of intelligence

@: flying
A: talons 2, antennae 1, sense surroundings 1, strong 1
a: no special abilities


You were in a sewer.
You visited 1 branch of the dungeon, and saw 3 of its levels.
You also visited: Sewer.

You collected 80 gold pieces.

Inventory:

Hand Weapons
 a - a +1 war axe (weapon)
Armour
 b - a +0 scale mail
 c - a +0 kite shield (worn)
 g - a +0 helmet
 h - a +0 pair of boots
 j - a +0 chain mail (worn)
Jewellery
 k - a ring of protection from fire (left hand)
 m - a +6 ring of intelligence (right hand)
Scrolls
 e - 3 scrolls of teleportation
 n - a scroll of identify
Potions
 d - a potion of might
 i - a potion of flight
 l - a potion of ambrosia {unknown}


   Skills:
 + Level 3.4 Fighting
 * Level 3.1 Axes
 + Level 3.2 Armour
 + Level 1.3 Dodging
 + Level 3.1 Shields


You had 3 spell levels left.
You didn't know any spells.
Your spell library contained the following spells:

 Spells                   Type           Power      Damage    Failure   Level
 Animate Skeleton         Necr           0%         N/A       100%        1
 Apportation              Tloc           0%         N/A       100%        1
 Corona                   Hex            0%         N/A       100%        1
 Summon Small Mammal      Summ           0%         N/A       100%        1
 Poisonous Vapours        Pois/Air       0%         N/A       100%        2
 Sublimation of Blood     Necr           0%         N/A       100%        2
 Mephitic Cloud           Conj/Pois/Air  0%         N/A       100%        3
 Petrify                  Tmut/Erth      0%         N/A       100%        4
 Freezing Cloud           Conj/Ice/Air   0%         6-21      100%        5
 Irradiate                Conj/Tmut      0%         3d13      100%        5
 Summon Forest            Summ/Tloc      0%         N/A       100%        5
 Eringya's Noxious Bog    Tmut/Pois      0%         N/A       100%        6
 Summon Hydra             Summ           0%         N/A       100%        7


Dungeon Overview and Level Annotations

Branches:
Dungeon (3/15)              Sewer (1/1)

Altars:
Gozag
Kikubaaqudgha


Innate Abilities, Weirdness & Mutations

You have razor-sharp toenails.
You have a pair of small antennae on your head.
You passively map a small area around you.
Your muscles are strong. (Str +2)


Message History

Moving in this stuff is going to be slow.
There is a glowing drain here.
The world spins around you as you enter the gateway.
You enter a sewer!
Found a gate leading back out of this place.
There is an empty arch of ancient stone here.
You block the river rat's attack.
You closely miss the river rat.
The river rat bites you but does no damage.
You closely miss the river rat. You claw the river rat.
The river rat is moderately wounded.
The river rat bites you.
* * * LOW HITPOINT WARNING * * *
The river rat bites you but does no damage.
You closely miss the river rat.
The river rat is moderately wounded.
The river rat bites you.
* * * LOW HITPOINT WARNING * * *
You block the rat's attack.
You closely miss the river rat. Your kick misses the river rat.
The river rat is moderately wounded.
You hit the rat.
You kill the rat!
You block the river rat's attack. x2
Unknown command.
It was a potion of flight.
You feel very buoyant.
You fly up into the air.
You block the rat's attack.
The river rat bites you but does no damage.
It was a potion of mutation.
You feel extremely strange.
You feel a strange attunement to the structure of the dungeons.
You feel stronger. A pair of antennae grows on your head!
Your +0 helmet falls away!
The rat bites you but does no damage.
The river rat bites you but does no damage.
You hit the river rat but do no damage.
The river rat is moderately wounded.
You hit the rat.
You kill the rat!
The river rat bites you.
You die...

#.#
#.#
#.#
#.#
#∩#
#.#
#∩#
#†#
#@#
#r#
#.#
#.#
#.#
#≈#
#≈#
#≈#
*


You could see a river rat.

Vanquished Creatures
  Natasha (twice) (D:3)
  3 adders
  2 worms (D:3)
  A dart slug (D:1)
  2 endoplasms
  5 giant cockroaches
  2 goblins
  4 hobgoblins (D:1)
  4 jackals (D:1)
  6 ball pythons
  2 bats
  3 frilled lizards
  4 kobolds
  8 rats
48 creatures vanquished.

Notes
Turn   | Place    | Note
-------+----------+-------------------------------------------
     0 | D:1      | Sin92 the Demonspawn Fighter began the quest for the Orb.
     0 | D:1      | Reached XP level 1. HP: 18/18 MP: 1/1
   218 | D:1      | Gained mutation: You have sharp toenails. [demonic
                  | ancestry]
   218 | D:1      | Reached XP level 2. HP: 22/24 MP: 2/2
   544 | D:1      | Gained mutation: You have razor-sharp toenails. [demonic
                  | ancestry]
   544 | D:1      | Reached XP level 3. HP: 28/29 MP: 3/3
   698 | D:2      | Found an ancient bone altar of Kikubaaqudgha.
   737 | D:2      | Found a faded altar of an unknown god.
   840 | D:2      | Reached skill level 1 in Dodging
  1145 | D:3      | Found an opulent altar of Gozag.
  1298 | D:3      | Reached XP level 4. HP: 31/35 MP: 4/4
  1301 | D:3      | Noticed Natasha
  1307 | D:3      | Killed Natasha
  1357 | D:3      | Noticed Natasha
  1366 | D:3      | Killed Natasha
  1367 | D:3      | Found a glowing drain.
  1394 | Sewer    | Entered a sewer
  1402 | Sewer    | Gained mutation: You passively map a small area around you.
                  | [potion of mutation]
  1402 | Sewer    | Gained mutation: Your muscles are strong. (Str +2) [potion
                  | of mutation]
  1402 | Sewer    | Gained mutation: You have a pair of small antennae on your
                  | head. [potion of mutation]
  1403 | Sewer    | Slain by a river rat

Illustrated notes

Levels and vault maps discovered:
D:1:      dpeg_arrival_lava_temple_mockup, layout_basic, minmay_cupped
D:2:      layout_rooms, basic_altar, ebering_ecumenical_altar_hall
D:3:      layout_rooms, nicolae_overflow_crystal_walls,
          nicolae_gozag_seed_capital, cheibrodos_sewer_entry_drain,
          kennysheep_pointless_box, hangedman_feature_mirror, uniq_natasha
Sewer:    sewer_kobolds

Skill      XL: |  1  2  3  4 |
---------------+-------------+-----
Axes           | 2 3 |  3.1
Armour         | 3 |  3.2
Dodging        | 1 |  1.3
Shields        | 3 |  3.1
Fighting       | |  3.4

Action                   |  1- 3 |  4- 6 || total
-------------------------+-------+-------++-------
Melee: War axe           |    95 |    23 ||   118
       Kick              |    11 |     8 ||    19
  Use: Scroll            |     4 |       ||     4
       Potion            |       |     2 ||     2
Armor: Scale mail        |    37 |       ||    37
       Chain mail        |    31 |    21 ||    52
Dodge: Dodged            |    26 |     5 ||    31
Block: Kite shield       |    68 |    14 ||    82

Table legend: (Time is in decaauts)
 A = Elapsed time spent in this place.
 B = Non-inter-level travel time spent in this place.
 C = Inter-level travel time spent in this place.
 D = Time resting spent in this place.
 E = Time spent auto-exploring this place.
 F = Levels seen in this place.
 G = Mean time per level.
                   A        B        C        D        E       F      G
               +--------+--------+--------+--------+--------+-----+--------+
         Total |   1480 |   1455 |     25 |      0 |    920 |   4 |  370.0 |
       Dungeon |   1469 |   1444 |     25 |      0 |    920 |   3 |  489.7 |
         Sewer |     11 |     11 |      0 |      0 |      0 |   1 |   11.0 |
               +--------+--------+--------+--------+--------+-----+--------+

Top non-repeatable levels by time:
     D:1: 634 daAuts
     D:2: 559 daAuts
     D:3: 276 daAuts
   Sewer: 11 daAuts
